Map: Dämmertürme

Players

BloodViking - Winner!

  • Race: Terran Terran
  • League: Master

loppelo

  • Race: Terran Terran
  • League: Master

VOD

Have the link to the VOD?

Description

Time

  • Played on: Jan. 31, 2016, 11:12 a.m.
  • Length: 11:14
Show
View Real Time Build Order
Export as new Build Order

BloodViking Terran - Winner!

Build Orders: Bio Tank 

Get SALT Encoding   

  12  0:01  SCV  
  13  0:13  SCV  
  14  0:17  Supply Depot  
  14  0:25  SCV  
  15  0:39  SCV  
  15  0:40  Barracks  
  16  0:43  Refinery  
  16  0:51  SCV  
  17  1:03  SCV  
  18  1:15  SCV  
  19  1:27  Orbital Command  
  19  1:28  Barracks Reactor  
  19  1:44  Command Center  
  19  1:56  SCV  
  20  2:04  Marine x2  
  20  2:05  Supply Depot  
  22  2:09  SCV  
  23  2:19  Factory  
  23  2:25  Refinery  
  23  2:26  SCV, Marine x2  
  26  2:38  SCV  
  27  2:48  Marine x2  
  27  2:50  SCV  
  30  2:56  Orbital Command  
  30  3:03  SCV  
  30  3:07  Marine x2  
  30  3:09  Starport  
  30  3:10  Widow Mine  
  34  3:19  SCV  
  35  3:23  SCV  
  35  3:26  Marine x2  
  38  3:31  SCV  
  39  3:38  SCV  
  39  3:39  Supply Depot  
  40  3:44  Factory Tech Lab, Marine x2  
  40  3:46  Medivac  
  44  3:48  SCV  
  44  3:50  SCV  
  44  3:54  Engineering Bay  
  46  4:01  SCV  
  46  4:02  SCV  
  48  4:04  Cyclone  
  48  4:09  Supply Depot  
  51  4:13  SCV  
  51  4:14  SCV  
  53  4:20  Marine  
  54  4:31  SCV, Viking, Marine  
  58  4:33  Supply Depot  
  58  4:36  Command Center, SCV  
  59  4:41  Missile Turret  
  59  4:44  Missile Turret  
  59  4:45  Marine  
  59  4:48  Marine  
  59  4:52  SCV  
  62  4:54  Siege Tank  
  62  4:56  Supply Depot  
  62  5:16  Medivac, Marine x2  
  62  5:18  SCV x2  
  62  5:19  Supply Depot  
  68  5:23  Barracks  
  68  5:24  Barracks  
  67  5:39  Marine x2  
  67  5:42  SCV x2  
  69  5:44  Refinery, Barracks  
  69  5:45  Supply Depot, Refinery  
  69  5:46  Barracks  
  69  5:53  Starport Reactor, Orbital Command  
  69  5:54  Siege Tank  
  69  5:55  SCV x2  
  74  6:00  Marine x2  
  76  6:07  SCV  
  77  6:23  Marine x2  
  79  6:25  Barracks Tech Lab  
  79  6:26  Barracks Tech Lab  
  79  6:28  SCV x3  
  79  6:30  Supply Depot  
  82  6:35  Barracks Reactor  
  82  6:36  Barracks Reactor  
  82  6:40  SCV x2  
  82  6:42  Marine x2  
  82  6:43  Siege Tank, Medivac x2  
  82  6:46  Orbital Command  
  93  6:48  Terran Infantry Weapons Level 1, Combat Shields  
  93  6:50  Stimpack  
  93  6:55  SCV  
  93  6:59  Marine x2  
  96  7:08  SCV x2  
  96  7:11  Supply Depot, SCV  
  96  7:12  Supply Depot x2  
  96  7:14  Marine x5  
  104  7:18  Siege Tank  
  104  7:20  SCV  
  104  7:21  SCV  
  109  7:26  Marine x3  
  109  7:28  Medivac  
  109  7:29  SCV  
  115  7:31  Marine  
  115  7:33  SCV x2  
  118  7:37  Marine x2  
  118  7:38  Marine  
  118  7:43  Marine  
  118  7:44  Medivac, Marine x2  
  123  7:45  SCV x3  
  129  7:54  Missile Turret  
  129  7:55  Missile Turret  
  129  7:56  Missile Turret, Marine x3  
  129  7:57  Missile Turret  
  132  8:00  Missile Turret  
  132  8:02  Marine  
  132  8:03  Marine  
  133  8:10  SCV x3, Engineering Bay  
  133  8:11  Armory  
  136  8:14  Supply Depot  
  136  8:19  Sensor Tower  
  136  8:26  Marine x5  
  140  8:33  Refinery  
  141  8:34  Refinery  
  141  8:36  Medivac, Siege Tank, Marine  
  141  8:39  Supply Depot  
  141  8:40  Terran Infantry Armor Level 1  
  147  8:50  Marine x4  
  148  9:00  Marine  
  148  9:01  Marine x3  
  152  9:03  Medivac  
  152  9:07  Supply Depot x2, Marine  
  152  9:08  Supply Depot x2  
  155  9:10  Marine x2  
  157  9:21  Factory  
  157  9:28  Marine x2  
  157  9:29  Siege Tank, Marine x5  
  168  9:38  Command Center  
  167  9:41  Barracks Reactor  
  167  9:43  Medivac x2  
  171  9:46  Marine x4  
  171  9:50  Sensor Tower  
  159  10:05  Marine  
  159  10:06  Marine x5  
  147  10:07  Siege Tank  
  147  10:12  Supply Depot  
  147  10:13  Supply Depot  
  150  10:16  Marine  
  150  10:17  Siege Tank, Medivac x2  
  158  10:21  Marine x2  
  158  10:23  Marine x3  
  158  10:26  Marine x2  
  165  10:31  SCV x3  
  168  10:41  Marine x5  
  173  10:47  Marine x3  
Show
View Real Time Build Order
Export as new Build Order

loppelo Terran 

Build Orders: Reaper Expand, MMM Bio 

Get SALT Encoding   

  12  0:01  SCV  
  13  0:13  SCV  
  14  0:17  Supply Depot  
  14  0:25  SCV  
  15  0:39  SCV  
  15  0:41  Barracks  
  16  0:45  Refinery  
  16  0:51  SCV  
  17  1:03  SCV  
  18  1:15  SCV  
  19  1:29  Orbital Command  
  19  1:30  Reaper  
  20  1:52  Command Center  
  20  2:00  SCV  
  21  2:03  Reaper  
  21  2:04  Supply Depot  
  22  2:12  SCV, Refinery  
  23  2:24  Factory  
  23  2:26  SCV  
  24  2:38  SCV  
  25  2:47  Barracks Reactor  
  25  2:50  SCV  
  26  3:02  SCV  
  26  3:08  Orbital Command  
  26  3:14  SCV  
  26  3:18  Factory Tech Lab  
  26  3:21  Starport  
  26  3:25  Marine x2  
  26  3:26  SCV  
  29  3:34  Supply Depot, Engineering Bay  
  29  3:35  SCV  
  29  3:38  SCV  
  34  3:46  Marine x2  
  34  3:47  SCV  
  34  3:50  Factory Tech Lab  
  34  3:51  SCV  
  34  3:53  Supply Depot  
  35  3:59  SCV  
  36  4:03  SCV  
  36  4:05  Cloaking Field  
  36  4:06  Banshee  
  40  4:10  Siege Tank  
  40  4:11  SCV  
  40  4:13  Refinery  
  40  4:15  SCV, Marine, Supply Depot  
  40  4:17  Marine  
  46  4:23  SCV  
  48  4:27  SCV  
  49  4:33  Marine  
  49  4:34  Marine  
  49  4:35  SCV  
  52  4:39  SCV  
  52  4:42  Siege Tank  
  56  4:47  SCV, Barracks  
  56  4:49  Barracks  
  56  4:51  SCV  
  58  4:59  SCV  
  59  5:01  Marine x2  
  59  5:03  SCV  
  59  5:13  SCV  
  45  5:15  SCV  
  45  5:18  Siege Tank  
  45  5:20  Missile Turret  
  49  5:22  Marine x2  
  49  5:25  SCV  
  49  5:27  SCV  
  56  5:37  SCV, Barracks Tech Lab x2  
  56  5:39  SCV  
  50  5:43  Marine x2  
  50  5:48  Refinery  
  50  5:49  SCV  
  53  5:51  Command Center  
  53  5:52  SCV, Marauder  
  53  5:56  Stimpack  
  56  5:57  Starport Reactor  
  56  5:59  Marine  
  56  6:02  SCV  
  56  6:03  Marine x2  
  56  6:04  SCV  
  61  6:07  Supply Depot  
  60  6:12  Supply Depot  
  60  6:14  SCV  
  60  6:27  SCV x2  
  60  6:31  Marine x3  
  60  6:32  Marauder  
  67  6:39  SCV x2  
  69  6:47  Barracks  
  69  6:49  Barracks  
  69  6:50  Marauder  
  69  6:51  SCV x2, Marine x2  
  69  6:53  Medivac  
  77  6:55  Combat Shields  
  77  7:03  SCV x2  
  77  7:04  Terran Infantry Weapons Level 1  
  79  7:15  SCV, Marauder, Marine x2  
  84  7:18  SCV  
  85  7:23  Missile Turret x2  
  85  7:25  Missile Turret  
  85  7:27  SCV  
  85  7:29  Medivac  
  88  7:30  SCV, Medivac  
  91  7:37  Barracks Reactor x2  
  91  7:39  SCV  
  91  7:41  Orbital Command  
  92  7:46  Marine x2  
  94  7:51  SCV x2  
  94  7:55  Marine  
  97  8:03  SCV x2  
  99  8:08  Marine  
  100  8:15  SCV  
  100  8:16  Supply Depot x3, Marauder  
  100  8:18  Engineering Bay  
  103  8:20  Armory, Marine x3  
  103  8:23  SCV  
  103  8:24  Marine  
  108  8:29  Marine  
  109  8:37  Marine  
  109  8:39  Marine x3  
  109  8:40  Marine, Marauder  
  116  8:43  SCV, Marine  
  116  8:47  Marine  
  118  8:55  Marine  
  119  8:57  Marine  
  119  8:59  Marine x2  
  119  9:00  Marauder  
  119  9:01  Marine  
  124  9:02  Terran Infantry Armor Level 1  
  124  9:04  Marine  
  125  9:10  Terran Vehicle Weapons Level 1  
  125  9:11  Supply Depot x2  
  125  9:14  Factory, Refinery x2, Marine  
  125  9:15  Marine  
  125  9:16  Medivac x2  
  131  9:19  Marauder  
  133  9:26  Supply Depot  
  133  9:27  SCV, Marine x3  
  133  9:28  Marauder  
  139  9:32  Siege Tank  
  139  9:37  SCV  
  139  9:38  Marine x2  
  144  9:40  Marauder  
  147  9:47  Marine x4  
  127  10:00  Marine x2  
  127  10:04  Marine  
  127  10:05  Marauder, Marine x3  
  127  10:06  Factory Tech Lab, Siege Tank  
  102  10:09  SCV, Marine  
  102  10:13  Medivac x2  
  108  10:15  SCV  
  108  10:18  SCV, Marine x2  
  112  10:22  Marine  
  112  10:26  Marine  
  112  10:27  Marine  
  112  10:28  Marine  
  116  10:30  Marine x2  
  116  10:32  Siege Tank  
  121  10:37  Marine  
  121  10:38  Siege Tank  
  121  10:39  Marine  
  121  10:40  Marauder  
  121  10:41  SCV  
  128  10:43  Medivac  
  128  10:44  Marine x2  
  128  10:45  Marine  
  128  10:48  Marauder  
  135  10:50  Marine  
  135  10:55  Marine  
Tags
 
Add a new tag
Caveats
  • Supply blocks, unpowered buildings, or Contaminate may cause inaccurate times.
  • Supply counts are checked every 10 seconds.